 Dungeon Crawl Stone Soup version 0.31-a0-995-g04711c9635 (webtiles) character file.

Game seed: 11647664698770296357

257 BritishOli the Trooper (level 5, -1/44 HPs)
             Began as a Demonspawn Fighter on Nov 6, 2023.
             Slain by a mummy (12 damage)
             ... in an ossuary.
             The game lasted 00:03:20 (2909 turns).

BritishOli the Trooper (Demonspawn Fighter)         Turns: 2909, Time: 00:03:21

Health: -1/44      AC:  7    Str: 25    XL:     5   Next: 93%
Magic:  5/5        EV:  9    Int:  9    God:
Gold:   74         SH:  4    Dex: 12    Spells: 4/4 levels left

rFire   . . .        a - +0 war axe
rCold   . . .        c - +0 buckler
rNeg    . . .        b - +0 scale mail
rPois   .            (no helmet)
rElec   .            (no cloak)
rCorr   .            (no gloves)
SInv    .            (no boots)
Will    .....        k - amulet of regeneration Stlth
                     p - +6 ring of strength
HPRegen 1.07/turn    (no ring)
MPRegen 0.09/turn

%: no passive effects
@: no status effects
A: rugged brown scales 1, foul stench 1
a: no special abilities


You were in an ossuary.
You visited 1 branch of the dungeon, and saw 4 of its levels.
You also visited: Ossuary.

You collected 74 gold pieces.

Inventory:

Hand Weapons
 a - a +0 war axe (weapon)
Armour
 b - a +0 scale mail (worn)
 c - a +0 buckler (worn)
Jewellery
 k - an amulet of regeneration (around neck)
 o - an amulet of guardian spirit
 p - a +6 ring of strength (left hand)
Scrolls
 e - 2 scrolls of vulnerability {unknown}
 f - a scroll of blinking {unknown}
 h - a scroll of torment {unknown}
 j - a scroll of poison {unknown}
 l - a scroll of enchant weapon {unknown}
 m - a scroll of fog {unknown}
 n - a scroll of identify {unknown}
Potions
 d - 2 potions of might
 g - 2 potions of curing
 i - a potion of lignification {unknown}
 q - a potion of heal wounds {unknown}


   Skills:
 * Level 4.7 Fighting
 * Level 3.6 Axes
 + Level 3.6 Armour
 - Level 3.0 Shields


You had 4 spell levels left.
You didn't know any spells.
Your spell library was empty.

Dungeon Overview and Level Annotations

Branches:
Dungeon (4/15)            Ossuary (1/1)
 Temple: D:4-7

Altars:
Cheibriados

Shops:
D:2 (

Annotations:
D:3 Natasha


Innate Abilities, Weirdness & Mutations

You are partially covered in rugged brown scales. (AC +1, +3% HP)
You may rarely emit foul miasma when damaged in melee.


Message History

You destroy the hobgoblin zombie!
You completely miss the mummy. The gnoll zombie closely misses you.
The mummy hits you.
You hit the gnoll zombie.
The gnoll zombie is severely damaged.
You hit the mummy but do no damage. You hit the mummy.
You barely miss the mummy. The mummy hits you but does no damage.
The gnoll zombie closely misses you. You block the mummy's attack.
You slash the gnoll zombie!
You destroy the gnoll zombie!
You slash the mummy! x2; You hit the mummy but do no damage.
The mummy closely misses you. The mummy hits you.
You barely miss the mummy.
The mummy is severely damaged.
You hit the mummy. x3; You slash the kobold zombie!
The kobold zombie hits you but does no damage.
The mummy hits you! You block the mummy's attack. x2
The mummy hits you but does no damage.
You barely miss the mummy.
The mummy is severely damaged.
You barely miss the mummy. You slash the kobold zombie!
You destroy the kobold zombie!
You hit the mummy. You barely miss the mummy. The mummy closely misses you.
The mummy hits you. The mummy hits you! The mummy barely misses you.
Unknown command.
You are too injured to fight recklessly!
You hit the mummy.
You destroy the mummy!
You hit the mummy. You hit the mummy but do no damage. You slash the mummy!
The mummy closely misses you. The mummy hits you but does no damage.
The mummy hits you!
* * * LOW HITPOINT WARNING * * *
You hit the mummy.
You destroy the mummy!
You hit the mummy. You hit the mummy but do no damage.
You block the mummy's attack.
You barely miss the mummy.
The mummy is severely damaged.
You hit the mummy but do no damage. The mummy hits you!
You die...

..............
.............
...........
........#
......# #....#
#M.M.# #.@..#
#....# #....#
#....# #....#
#....# #.∩∩.#
######


You could see 2 mummies.

Vanquished Creatures
  Jessica (D:3)
  An iguana (D:4)
  Natasha (twice) (D:3)
  2 orc wizards (D:4)
  2 mummies (Ossuary)
  2 adders
  3 worms
  3 orcs (D:4)
  4 ball pythons
  2 endoplasms
  4 goblins
  2 hobgoblins (D:1)
  3 jackals (D:2)
  2 quokkas (D:1)
  4 bats
  3 frilled lizards
  2 gnoll zombies (Ossuary)
  2 hobgoblin zombies (Ossuary)
  9 kobolds
  A kobold zombie (Ossuary)
  3 orc zombies (Ossuary)
  6 rats
63 creatures vanquished.

Notes
Turn   | Place    | Note
-------+----------+-------------------------------------------
     0 | D:1      | BritishOli the Demonspawn Fighter began the quest for the
                  | Orb.
     0 | D:1      | Reached XP level 1. HP: 18/18 MP: 1/1
   366 | D:1      | Gained mutation: You are partially covered in rugged brown
                  | scales. (AC +1, +3% HP) [demonic ancestry]
   366 | D:1      | Reached XP level 2. HP: 15/24 MP: 2/2
   626 | D:1      | Found a faded altar of an unknown god.
  1212 | D:2      | Reached XP level 3. HP: 29/29 MP: 3/3
  1563 | D:2      | Found Poxzicva's Weapon Shop.
  1710 | D:3      | Noticed Jessica
  1721 | D:3      | HP: 1/29 [Jessica/nerve-wracking pain (13)]
  1725 | D:3      | Killed Jessica
  1726 | D:3      | Reached XP level 4. HP: 9/38 MP: 4/4
  2014 | D:3      | Found a snail-covered altar of Cheibriados.
  2102 | D:3      | Noticed Natasha
  2111 | D:3      | Killed Natasha
  2112 | D:3      | Reached skill level 4 in Fighting
  2426 | D:3      | Noticed Natasha
  2432 | D:3      | Killed Natasha
  2433 | D:3      | Gained mutation: You may rarely emit foul miasma when
                  | damaged in melee. [demonic ancestry]
  2433 | D:3      | Reached XP level 5. HP: 43/43 MP: 5/5
  2441 | D:3      | Noticed Natasha
  2858 | D:4      | Found a sand-covered staircase.
  2868 | Ossuary  | Entered an ossuary
  2909 | Ossuary  | Slain by a mummy

Illustrated notes

Levels and vault maps discovered:
D:1:      amcnicky_arrival_wind_blow, layout_loops_ring,
          hellmonk_ecumenical_altar_prayer_group, roderic_serpentine_path,
          minmay_3d_cube
D:2:      layout_loops_ring, serial_shops, nicolae_shop_tiny_glass
D:3:      layout_loops_ring, elyvilon_altar_3, mainiacjoe_overflow_catwalk,
          uniq_jessica, uniq_natasha
D:4:      layout_gridville, okawaru_metal_pillars_1_2, gup_ossuary_entry_pyramid
Ossuary:  ossuary_tomb_3

Skill      XL: |  1  2  3  4 |
---------------+-------------+-----
Axes           | 2 3 |  3.6
Armour         | 3 |  3.6
Shields        | 3 |  3.0
Fighting       | 4 |  4.7

Action                     |  1- 3 |  4- 6 || total
---------------------------+-------+-------++-------
  Melee: War axe           |   115 |    78 ||   193
    Use: Potion            |     2 |       ||     2
 Armour: Scale mail        |    78 |    87 ||   165
  Dodge: Dodged            |    52 |    45 ||    97
  Block: Buckler           |    22 |    23 ||    45

Table legend: (Time is in decaauts)
 A = Elapsed time spent in this place.
 B = Non-inter-level travel time spent in this place.
 C = Inter-level travel time spent in this place.
 D = Time resting spent in this place.
 E = Time spent auto-exploring this place.
 F = Levels seen in this place.
 G = Mean time per level.
                   A        B        C        D        E       F      G
               +--------+--------+--------+--------+--------+-----+--------+
         Total |   2988 |   2916 |     72 |    259 |   2014 |   5 |  597.6 |
       Dungeon |   2942 |   2870 |     72 |    239 |   2012 |   4 |  735.5 |
       Ossuary |     45 |     45 |      0 |     20 |      2 |   1 |   45.0 |
               +--------+--------+--------+--------+--------+-----+--------+

Top non-repeatable levels by time:
     D:3: 1079 daAuts
     D:1: 974 daAuts
     D:2: 781 daAuts
     D:4: 107 daAuts
 Ossuary: 45 daAuts
